 Dungeon Crawl Stone Soup version 0.29.0-4-gdea44cf6ec (webtiles) character file.

Game seed: 3441890358686333118

63 qw the Chopper (level 4, 0/26 HPs)
             Began as a Tengu Warper on Aug 28, 2022.
             Slain by a phantom (3 damage)
             ... on level 4 of the Dungeon.
             The game lasted 00:00:14 (2504 turns).

qw the Chopper (Tengu Warper)                       Turns: 2504, Time: 00:00:15

Health: 0/26       AC:  6    Str: 13    XL:     4   Next: 9%
Magic:  8/8        EV: 11    Int: 13    God:
Gold:   72         SH:  0    Dex: 14    Spells: 7/7 levels left

rFire   . . .      SeeInvis .   Y - +1 hand axe
rCold   . . .      Faith    .   (no shield)
rNeg    . . .      Spirit   .   i - +0 ring mail
rPois   .          Reflect  .   (helmet restricted)
rElec   .          Harm     .   m - +0 cloak
rCorr   .          Rampage  .   (no gloves)
Will    .....                   (boots unavailable)
Stlth   +.........              (no amulet)
HPRegen 0.08/turn               (no ring)
MPRegen 0.11/turn               (no ring)

@: about to teleport, flying (expiring)
A: beak, talons 3
a: no special abilities


You were on level 4 of the Dungeon.
You visited 1 branch of the dungeon, and saw 4 of its levels.

You collected 99 gold pieces.
You spent 27 gold pieces at shops.


Innate Abilities, Weirdness & Mutations

You have a beak for a mouth.
You have claws for feet.


   Skills:
 - Level 2.0 Fighting
 + Level 4.7 Axes
 - Level 1.0 Throwing
 - Level 1.1 Armour
 - Level 2.1 Dodging
 - Level 2.0 Spellcasting
 - Level 2.4 Translocations


You had 7 spell levels left.
You didn't know any spells.
Your spell library contained the following spells:

 Spells                   Type           Power      Damage    Failure   Level
 Blink                    Tloc           14%        N/A       30%         2
 Gell's Gravitas          Tloc           7%         N/A       52%         3
 Lesser Beckoning         Tloc           7%         N/A       52%         3
 Teleport Other           Tloc           7%         N/A       52%         3
 Manifold Assault         Tloc           7%         N/A       99%         5

Inventory:

Hand Weapons
 n - a +0 whip
 Y - a +1 hand axe (weapon)
Armour
 i - a +0 ring mail (worn)
 m - a +0 cloak (worn)
Scrolls
 e - 3 scrolls of identify
 h - 2 scrolls of teleportation
Potions
 a - a potion of degeneration {unknown}
 b - a potion of might {unknown}
 c - a potion of haste {unknown}
 d - a potion of curing {unknown}

Dungeon Overview and Level Annotations

Branches:
Dungeon (4/15)
 Temple: D:4-7

Altars:
Hepliaklqana
Kikubaaqudgha
Vehumet

Shops:
D:2 *   D:3 =


Message History

The phantom hits you.
The phantom blinks!
You blink.
A goblin comes into view. It is wielding a +0 club.
Found a stone staircase leading up.
You hit the phantom. Your kick misses the phantom.
The phantom is lightly damaged.
The goblin shouts!
You hear a shout!
The phantom hits you but does no damage.
You barely miss the phantom. You claw the phantom, but do no damage.
Your peck misses the phantom.
The phantom is lightly damaged.
You hit the jackal but do no damage.
The jackal bites you but does no damage.
The phantom hits you.
The jackal bites you but does no damage.
You barely miss the phantom.
The phantom is lightly damaged.
You closely miss the jackal. The jackal bites you. The phantom hits you.
The phantom blinks!
You blink.
Found 10 gold pieces.
You closely miss the phantom. You claw the phantom.
The phantom is moderately damaged.
You completely miss the goblin. The goblin closely misses you.
The phantom hits you.
The phantom blinks!
You blink.
Found a stone staircase leading down.
You barely miss the phantom. Your kick misses the phantom.
The phantom is moderately damaged.
You hit the jackal.
The jackal bites you but does no damage.
The phantom closely misses you.
You closely miss the jackal.
The jackal is heavily wounded.
You closely miss the phantom.
You are starting to lose your buoyancy.
The jackal closely misses you. The phantom hits you.
The jackal bites you but does no damage.
2504 ||| READING 3 scrolls of teleportation.
As you read the scroll of teleportation, it crumbles to dust.
You feel strangely unstable. The jackal barely misses you.
The phantom hits you.
You die...

##....................
...............<#....
#.#......# .......$.
##.#......# #...... #
##........## ##...###..
#.<........###........#
#......................
...[#....##....hg.......
....#..####.%...@.......
##......##.......W......
..#.####...............
##... #......:........
#. .. #...............
.................
................>
###............


You could see a phantom, a jackal and a goblin.

Vanquished Creatures
  An adder (D:2)
  An ufetubus (D:4)
  A worm (D:3)
  An orc (D:3)
  2 bats
  3 endoplasms
  3 giant cockroaches
  3 hobgoblins
  A jackal (D:4)
  7 kobolds
  3 quokkas (D:2)
  5 ball pythons
  A frilled lizard (D:1)
  3 goblins
  7 rats
42 creatures vanquished.

Vanquished Creatures (others)
  7 plants (D:2)
7 creatures vanquished.

Grand Total: 49 creatures vanquished

Notes
Turn   | Place    | Note
-------+----------+-------------------------------------------
     0 | D:1      | qw the Tengu Warper began the quest for the Orb.
     0 | D:1      | Reached XP level 1. HP: 12/12 MP: 4/4
     0 | D:1      | 0 ||| qw: Version: 0.1-a-89-g26bdef1
     0 | D:1      | 0 ||| qw: Game counter: 1561
     0 | D:1      | 0 ||| qw: Always use a shield: true
     0 | D:1      | 0 ||| qw: God list: Okawaru
     0 | D:1      | 0 ||| qw: Allow faded altars: false
     0 | D:1      | 0 ||| qw: Do Orc after D:15 true
     0 | D:1      | 0 ||| qw: Do second Lair branch before Depths: true
     0 | D:1      | 0 ||| qw: Lair rune preference: random
     0 | D:1      | 0 ||| qw: Plans: Normal
     0 | D:1      | 0 ||| PLANNING D:1-11
   191 | D:1      | Reached XP level 2. HP: 17/17 MP: 6/6
   261 | D:1      | Reached skill level 3 in Axes
   540 | D:1      | 540 ||| DROPPING +0 club.
   673 | D:1      | 673 ||| UPGRADING to +0 ring mail.
   683 | D:1      | 683 ||| DROPPING +0 leather armour.
   684 | D:1      | 684 ||| UPGRADING to +0 cloak.
   689 | D:1      | 689 ||| READING 2 scrolls labelled QEEVOJ TASO.
   690 | D:1      | 690 ||| READING scroll labelled LOCLYU IGASE.
   691 | D:1      | 691 ||| READING 3 scrolls labelled PUMU LEREFEWA.
   692 | D:1      | 692 ||| READING scroll labelled OMERPH OPHA.
   693 | D:1      | 693 ||| READING 2 scrolls labelled BICZEWAFAU.
   698 | D:1      | 698 ||| READING scroll labelled BITATUXK NOVA.
   699 | D:1      | 699 ||| DROPPING scroll of poison.
   700 | D:1      | 700 ||| DROPPING scroll of blinking.
   701 | D:1      | 701 ||| DROPPING 2 scrolls of vulnerability.
   786 | D:2      | 786 ||| Stepping ~*~*~tactically~*~*~ (stealth).
   795 | D:2      | 795 ||| Stepping ~*~*~tactically~*~*~ (stealth).
   797 | D:2      | 797 ||| Stepping ~*~*~tactically~*~*~ (stealth).
   908 | D:2      | You fall into a shaft and drop 1 floor!
   925 | D:3      | Found a radiant altar of Vehumet.
   995 | D:3      | 995 ||| Stepping ~*~*~tactically~*~*~ (stealth).
   996 | D:3      | 996 ||| Stepping ~*~*~tactically~*~*~ (stealth).
  1016 | D:3      | Reached XP level 3. HP: 18/18 MP: 7/7
  1087 | D:3      | 1087 ||| DROPPING +0 robe of willpower.
  1088 | D:3      | 1088 ||| READING scroll labelled ZOF SOLIUTEHASCH.
  1089 | D:3      | 1089 ||| READING scroll labelled EQENNY OXIWENK.
  1139 | D:2      | Reached skill level 4 in Axes
  1297 | D:2      | Found Gatioq's Assorted Antiques.
  1300 | D:2      | 1300 ||| SHOPLISTING ancient plate armour (840 gold, have
                  | 48).
  1300 | D:2      | 1300 ||| BUYING glowing orange potion (27 gold).
  1300 | D:2      | Bought a glowing orange potion for 27 gold pieces
  1300 | D:2      | 1300 ||| SHOPLISTING granite ring (150 gold, have 21).
  1300 | D:2      | 1300 ||| SHOPLISTING lumpy red potion (27 gold, have 21).
  1300 | D:2      | 1300 ||| SHOPLISTING pearl ring (150 gold, have 21).
  1300 | D:2      | 1300 ||| SHOPLISTING scroll labelled COSSEO YPSAF (30 gold,
                  | have 21).
  1300 | D:2      | 1300 ||| SHOPLISTING scroll of enchant weapon (225 gold,
                  | have 21).
  1410 | D:2      | Found an ancient bone altar of Kikubaaqudgha.
  1620 | D:2      | 1620 ||| Stepping ~*~*~tactically~*~*~ (stealth).
  2009 | D:3      | 2009 ||| STAIRDANCE
  2129 | D:3      | Found Hiphus's Jewellery Boutique.
  2273 | D:3      | 2273 ||| SHOPLISTING +4 ring of slaying (1014 gold, have
                  | 72).
  2273 | D:3      | 2273 ||| SHOPLISTING ring of ice (325 gold, have 72).
  2273 | D:3      | 2273 ||| SHOPLISTING ring of poison resistance (260 gold,
                  | have 72).
  2273 | D:3      | 2273 ||| SHOPLISTING ring of protection from fire (325
                  | gold, have 72).
  2273 | D:3      | 2273 ||| SHOPLISTING ring of resist corrosion (260 gold,
                  | have 72).
  2398 | D:3      | Found a hazy altar of Hepliaklqana.
  2452 | D:3      | 2452 ||| DRINKING 2 silvery potions.
  2453 | D:3      | 2453 ||| DROPPING potion of flight.
  2478 | D:4      | Reached XP level 4. HP: 26/26 MP: 8/8
  2488 | D:4      | 2488 ||| Stepping ~*~*~tactically~*~*~ (stealth).
  2490 | D:4      | Noticed a phantom
  2503 | D:4      | HP: 3/26 [phantom (6)]
  2504 | D:4      | 2504 ||| READING 3 scrolls of teleportation.
  2504 | D:4      | Slain by a phantom

Levels and vault maps discovered:
D:1:      dpeg_arrival_snail, layout_basic
D:2:      layout_loops_ring, serial_shops, nicolae_shop_hallway_stairs,
          basic_altar, serial_bayou, serial_bayou_lagoon_a, serial_bayou_pond_d,
          serial_bayou_shore_a, serial_bayou_crossing, serial_bayou_pond_d,
          serial_bayou_ford_a
D:3:      layout_basic, vehumet_altar_wand_db, mainiacjoe_overflow_alcove_4,
          serial_shops, nicolae_shop_stone, kennysheep_generic_room_14
D:4:      layout_cave_pools, hangedman_ru_absence,
          minmay_temple_entry_glassed_door

Skill      XL: |  1  2  3 |
---------------+----------+-----
Axes           | 3 4 |  4.7
Fighting       | |  2.0
Throwing       | |  1.0
Armour         | |  1.1
Dodging        | |  2.1
Spellcasting   | |  2.0
Translocations | |  2.4

Action                   |  1- 3 |  4- 6 || total
-------------------------+-------+-------++-------
Melee: Hand axe          |    82 |     9 ||    91
       Kick              |    17 |     2 ||    19
       Peck              |     9 |     1 ||    10
       Punch             |     1 |       ||     1
Throw: Boomerang         |     7 |       ||     7
  Use: Scroll            |     8 |     1 ||     9
       Potion            |     1 |       ||     1
Armor: Leather armour    |     8 |       ||     8
       Ring mail         |    19 |     5 ||    24
Dodge: Dodged            |    38 |     5 ||    43

Table legend:
 A = Non-vault XP
 B = Vault XP
 C = Vault XP percentage of total XP
 D = Non-vault monster count
 E = Vault monster count
 F = Vault count percentage of total count
                 A         B        C        D         E       F
            +---------+---------+-------+---------+---------+-------
      Total |      88 |       2 |   2.2 |      41 |       1 |   2.4
            +---------+---------+-------+---------+---------+-------
        D:1 |      23 |       0 |   0.0 |      17 |       0 |   0.0
        D:2 |      34 |       0 |   0.0 |      13 |       0 |   0.0
        D:3 |      21 |       2 |   8.7 |       9 |       1 |  10.0
        D:4 |      10 |       0 |   0.0 |       2 |       0 |   0.0
            +---------+---------+-------+---------+---------+-------
